 Dungeon Crawl Stone Soup version 0.27-a0-1431-gcffa5a9b16 (webtiles) character file.

Game seed: 7080503206491186211

758 wesbby the Cleaver (level 7, -9/62 HPs)
             Began as a Hill Orc Fighter on July 2, 2021.
             Mangled by an ogre (10 damage)
             ... on level 5 of the Dungeon.
             The game lasted 00:08:43 (5838 turns).

wesbby the Cleaver (Hill Orc Fighter)               Turns: 5838, Time: 00:08:44

Health: -9/62      AC: 13    Str: 20    XL:     7   Next: 80%
Magic:  7/7        EV:  6    Int:  9    God:
Gold:   170        SH: 10    Dex: 10    Spells: 6/6 levels left

rFire    + + .     SeeInvis .   a - +0 war axe
rCold    x x .     Faith    .   c - +1 kite shield
rNeg     . . .     Spirit   .   r - +3 chain mail
rPois    .         Reflect  .   k - +0 helmet
rElec    .         Harm     .   (no cloak)
rCorr    .         Rampage  .   (no gloves)
Will     .....                  (no boots)
Stlth    ..........             (no amulet)
HPRegen  0.20/turn              m - ring of fire
MPRegen  0.10/turn              t - ring of fire

@: no status effects
A: no striking features
a: no special abilities


You were on level 5 of the Dungeon.
You visited 1 branch of the dungeon, and saw 6 of its levels.

You collected 170 gold pieces.

Inventory:

Hand Weapons
 a - a +0 war axe (weapon)
Missiles
 s - 54 arrows
Armour
 b - a +1 scale mail
 c - a +1 kite shield (worn)
 k - a +0 helmet (worn)
 r - a +3 chain mail (worn)
Jewellery
 m - a ring of fire (left hand)
 t - a ring of fire (right hand)
Scrolls
 d - a scroll of immolation {unknown}
 e - 2 scrolls of holy word
 i - a scroll of amnesia {unknown}
 l - a scroll of teleportation {unknown}
 n - a scroll of noise {unknown}
 o - a scroll of fear {unknown}
 p - 2 scrolls of enchant armour
Potions
 g - a potion of degeneration {unknown}
 h - a potion of lignification


   Skills:
 * Level 5.7 Fighting
 * Level 8.0 Axes
 + Level 4.3 Armour
 + Level 1.0 Dodging
 + Level 0.2 Stealth
 + Level 5.1 Shields


You had 6 spell levels left.
You didn't know any spells.
Your spell library contained the following spells:

 Spells                   Type           Power      Damage    Failure   Level
 Conjure Flame            Conj/Fire      0%         6-21      100%        3
 Ignite Poison            Fire/Tmut/Pois 0%         N/A       100%        3
 Mephitic Cloud           Conj/Pois/Air  0%         N/A       100%        3
 Petrify                  Tmut/Erth      0%         N/A       100%        4
 Sticky Flame             Conj/Fire      0%         2d3       100%        4
 Bolt of Magma            Conj/Fire/Erth 0%         4d4       100%        5
 Metabolic Englaciation   Hex/Ice        0%         N/A       100%        5
 Statue Form              Tmut/Erth      0%         N/A       100%        6


Dungeon Overview and Level Annotations

Branches:
Dungeon (6/15)
 Temple: D:4-7

Altars:
Elyvilon

Shops:
D:4 =   D:5 *


Message History

Okay, then.
You slash the ogre!
The ogre is heavily wounded.
The ogre hits you with a +0 giant spiked club!
You closely miss the ogre.
The ogre is heavily wounded.
The ogre hits you with a +0 giant spiked club!!
You hit the ogre.
The ogre is heavily wounded.
You block the ogre's attack.
You closely miss the ogre.
The ogre is heavily wounded.
The ogre hits you with a +0 giant spiked club!
* * * LOW HITPOINT WARNING * * *
Okay, then.
Blink to where?
Press: ? - help, Dir - move target
As you read the scroll of blinking, it crumbles to dust.
The ogre hits you with a +0 giant spiked club!
* * * LOW HITPOINT WARNING * * *
There is a stone staircase leading down, spattered with blood here.
The ogre barely misses you.
You climb downwards.
An adder and a skeleton come into view.
The adder hisses angrily.
There is a stone staircase leading up here.
You feel much better. The ogre hits you but does no damage.
You climb upwards.
There is a stone staircase leading down, spattered with blood here.
You feel yourself speed up.
The ogre hits you with a +0 giant spiked club!!
* * * LOW HITPOINT WARNING * * *
You see here 15 stones.
Your extra speed is starting to run out.
You feel yourself slow down.
The ogre hits you with a +0 giant spiked club!
* * * LOW HITPOINT WARNING * * *
The ogre hits you with a +0 giant spiked club!
You die...

## #.# .. #. #.# ##
#. #.# #. #.##### #
#. #.....# # #.##
#####.# # ..# #.# #.#
#.# ########## #@#
#.# .........## #O#
#<#
......###.######.####
#.# ###...#
#...).[.....# #.#
#...###.######.##.#
#.# #..#...## #.##.#
#.# #..##.## #.##.##
#.# ###..##.# #.....#
#.# #.......# ####..#
#.#


You could see an ogre.

Vanquished Creatures
  A black bear (D:4)
  A phantom (D:4)
  A scorpion (D:4)
  A water moccasin skeleton (D:5)
  A bullfrog zombie (D:5)
  2 hounds
  A centaur skeleton (D:5)
  An orc priest (D:5)
  3 jellies (D:5)
  Terence (D:2)
  An iguana (D:5)
  A howler monkey zombie (D:5)
  9 adders
  An ufetubus (D:5)
  5 worms
  5 orcs
  11 ball pythons
  7 endoplasms
  4 giant cockroaches
  8 goblins
  7 hobgoblins
  7 jackals
  2 quokkas
  4 bats
  2 frilled lizards (D:2)
  2 kobolds
89 creatures vanquished.

Notes
Turn   | Place    | Note
-------+----------+-------------------------------------------
     0 | D:1      | wesbby the Hill Orc Fighter began the quest for the Orb.
     0 | D:1      | Reached XP level 1. HP: 19/19 MP: 1/1
   168 | D:1      | Reached XP level 2. HP: 20/27 MP: 2/2
   813 | D:1      | Reached skill level 3 in Axes
   825 | D:1      | Reached XP level 3. HP: 30/34 MP: 3/3
  1189 | D:2      | Noticed Terence
  1199 | D:2      | Killed Terence
  1635 | D:2      | Reached XP level 4. HP: 41/41 MP: 4/4
  2159 | D:2      | Found a faded altar of an unknown god.
  2290 | D:3      | Reached skill level 4 in Axes
  2936 | D:3      | Found a white marble altar of Elyvilon.
  2967 | D:3      | Reached XP level 5. HP: 47/47 MP: 5/5
  3741 | D:4      | Reached skill level 5 in Axes
  3749 | D:4      | Reached skill level 5 in Fighting
  3966 | D:4      | Found Niehiopt's Jewellery Emporium.
  3972 | D:4      | Reached XP level 6. HP: 55/56 MP: 6/6
  4239 | D:4      | Noticed a black bear
  4249 | D:4      | Killed a black bear
  4449 | D:4      | Reached skill level 6 in Axes
  4449 | D:4      | Reached skill level 5 in Shields
  4449 | D:4      | Reached XP level 7. HP: 27/61 MP: 7/7
  4907 | D:5      | Entered Level 5 of the Dungeon
  5032 | D:5      | Reached skill level 1 in Dodging
  5072 | D:5      | Reached skill level 7 in Axes
  5601 | D:5      | Found Dimewad's Lightly-Used Armoury.
  5609 | D:5      | Reached skill level 8 in Axes
  5837 | D:5      | HP: 1/62 [ogre (16)]
  5838 | D:5      | Mangled by an ogre

Illustrated notes

Levels and vault maps discovered:
D:1:      minmay_arrival_four_houses, layout_basic, minmay_pentomino_z2
D:2:      layout_loops_ring, shapermc_ecumenical_altar_mp_urbaneastern,
          minmay_split_cup_large, uniq_terence
D:3:      layout_loops_cross, elyvilon_altar_5, hangedman_feature_mirror
D:4:      layout_basic, serial_shops, nicolae_diamond_shop, minmay_unequal
D:5:      layout_loops_ring, chequers_serial_rivers_micro_a, minmay_shop_damaged
D:6:      layout_rooms, nicolae_vehumet_radiance,
          nicolae_qazlal_general_emergency, nicolae_ru_great_annihilating_truth,
          hellmonk_ghost_happy_afterlife, grunt_ministairs_3, uniq_menkaure

Skill      XL: |  1  2  3  4  5  6  7 |
---------------+----------------------+-----
Fighting       | 4 5 |  5.7
Axes           | 3 4 5 6 8 |  8.0
Armour         | 4 |  4.3
Shields        | 4 5 |  5.1
Dodging        | 1 |  1.0
Stealth        | |  0.2

Action                   |  1- 3 |  4- 6 |  7- 9 || total
-------------------------+-------+-------+-------++-------
Melee: War axe           |    79 |   230 |    57 ||   366
  Use: Potion            |     1 |     1 |     2 ||     4
       Scroll            |       |     5 |     4 ||     9
Armor: Scale mail        |    40 |    83 |       ||   123
       Chain mail        |       |    28 |    29 ||    57
Dodge: Dodged            |    27 |    61 |     9 ||    97
Block: Kite shield       |    46 |   151 |    35 ||   232

Table legend: (Time is in decaauts)
 A = Elapsed time spent in this place.
 B = Non-inter-level travel time spent in this place.
 C = Inter-level travel time spent in this place.
 D = Time resting spent in this place.
 E = Time spent auto-exploring this place.
 F = Levels seen in this place.
 G = Mean time per level.
                   A        B        C        D        E       F      G
               +--------+--------+--------+--------+--------+-----+--------+
         Total |   5986 |   5710 |    276 |      0 |   4234 |   6 |  997.7 |
       Dungeon |   5986 |   5710 |    276 |      0 |   4234 |   6 |  997.7 |
               +--------+--------+--------+--------+--------+-----+--------+

Top non-repeatable levels by time:
     D:4: 1513 daAuts
     D:3: 1434 daAuts
     D:1: 1171 daAuts
     D:2: 1143 daAuts
     D:5: 720 daAuts
     D:6: 2 daAuts
